SAAA
BAGLEY LOONS @ BAY CITY BOMBERS
06/20/2018
 
TOP OF THE 1ST
Bagley Loons batting - Pitching for Bay City Bombers : LHP Jim Unknown
Pitching: LHP Jim Unknown
Batting: LHB Lawrence Washington 0-0: Called Strike
0-1: SINGLE (Groundball, 13) (infield hit)
Batting: LHB Kenko Ueda 0-0: Swinging Strike
0-1: Swinging Strike
0-2: Foul Ball, location: 2F
0-2: DOUBLE (Line Drive, 78S)
Lawrence Washington to third
Batting: RHB Rick Johnson 0-0: Called Strike
0-1: Ball
1-1: Ball
2-1: Fly out, F8 (Flyball, 8RS)
Batting: RHB Karl Schultz 0-0: Called Strike
0-1: Ball
Wild Pitch!
Lawrence Washington scores
Kenko Ueda to third
1-1: Foul Ball, location: 2F
1-2: Foul Ball, location: 2F
1-2: Ball
2-2: Ball
3-2: SINGLE (Groundball, 56D)
Kenko Ueda scores
Batting: RHB Edward Baker 0-0: Called Strike
0-1: Fly out, F7 (Flyball, 7D)
Batting: LHB Ralph Dunford 0-0: Foul Ball, location: 2F
0-1: Ball
1-1: Foul Ball, location: 2F
1-2: Strikes out swinging
Top of the 1st over - 2 run(s), 3 hit(s), 0 error(s), 1 left on base; Bagley 2 - Bay City 0
BOTTOM OF THE 1ST
Bay City Bombers batting - Pitching for Bagley Loons : RHP Dave Townend
Pitching: RHP Dave Townend
Batting: RHB Shaun Bowles 0-0: Ball
1-0: Ground out 4-3 (Groundball, 4)
Batting: LHB Bastyão Lizardo 0-0: Ball
1-0: Swinging Strike
1-1: Ball
2-1: Swinging Strike
2-2: Strikes out swinging
Batting: SHB Jim Unknown 0-0: Called Strike
0-1: Swinging Strike
0-2: Foul Ball, location: 2F
0-2: Ball
1-2: Strikes out swinging
Bottom of the 1st over - 0 run(s), 0 hit(s), 0 error(s), 0 left on base; Bagley 2 - Bay City 0
TOP OF THE 2ND
Bagley Loons batting - Pitching for Bay City Bombers : LHP Jim Unknown
Batting: RHB Allen Murphy 0-0: Ball
1-0: Ball
2-0: Called Strike
2-1: Foul Ball, location: 2F
2-2: SINGLE (Groundball, 4MD)
Batting: RHB Mike Alford 0-0: Called Strike
0-1: Ball
1-1: Fly out, F8 (Flyball, 8RM)
Batting: RHB Rick Bell 0-0: Called Strike
0-1: Ball
1-1: Ball
2-1: Foul Ball, location: 2F
2-2: SINGLE (Line Drive, 56D)
Allen Murphy to second
Batting: LHB Lawrence Washington 0-0: Called Strike
0-1: Ball
1-1: Called Strike
1-2: Strikes out looking
Batting: LHB Kenko Ueda 0-0: Called Strike
0-1: Ball
1-1: Called Strike
1-2: Strikes out looking
Top of the 2nd over - 0 run(s), 2 hit(s), 0 error(s), 2 left on base; Bagley 2 - Bay City 0
BOTTOM OF THE 2ND
Bay City Bombers batting - Pitching for Bagley Loons : RHP Dave Townend
Batting: RHB Pedro Morales 0-0: Ball
1-0: Ball
2-0: Ball
3-0: Called Strike
3-1: Swinging Strike
3-2: Base on Balls
Batting: RHB Luis Díaz 0-0: Ball
1-0: Ball
Pedro Morales steals 2nd base
2-0: Called Strike
2-1: Swinging Strike
2-2: Strikes out looking
Batting: SHB Stephen Fraven 0-0: 2-RUN HOME RUN (Flyball, 89XD), Distance : 430 ft
Batting: LHB Guy Riley 0-0: Swinging Strike
0-1: Ball
1-1: Ball
2-1: Called Strike
2-2: Foul Ball, location: 2F
2-2: Foul Ball, location: 2F
2-2: Foul Ball, location: 2F
2-2: Ball
3-2: Foul Ball, location: 2F
3-2: Strikes out swinging
Batting: RHB Barry Martínez 0-0: DOUBLE (Flyball, 9LS)
Batting: LHB John Doyle 0-0: Ball
1-0: Called Strike
1-1: Ground out 1-3 (Groundball, 15)
Bottom of the 2nd over - 2 run(s), 2 hit(s), 0 error(s), 1 left on base; Bagley 2 - Bay City 2
TOP OF THE 3RD
Bagley Loons batting - Pitching for Bay City Bombers : LHP Jim Unknown
Batting: RHB Rick Johnson 0-0: Foul Ball, location: 2F
0-1: Ball
1-1: Ground out 4-3 (Groundball, 4)
Batting: RHB Karl Schultz 0-0: Called Strike
0-1: Ball
1-1: Fly out, F6 (Popup, 56)
Batting: RHB Edward Baker 0-0: Ball
1-0: SINGLE (Line Drive, 6MD)
Batting: LHB Ralph Dunford 0-0: Foul Ball, location: 2F
0-1: Ball
1-1: Ball
2-1: Swinging Strike
2-2: Ball
3-2: Foul Ball, location: 2F
3-2: SINGLE (Groundball, 34)
Edward Baker to second
Edward Baker to third
Batting: RHB Allen Murphy 0-0: Foul Ball, location: 2F
0-1: Fly out, F6 (Popup, 6MD)
Top of the 3rd over - 0 run(s), 2 hit(s), 0 error(s), 2 left on base; Bagley 2 - Bay City 2
BOTTOM OF THE 3RD
Bay City Bombers batting - Pitching for Bagley Loons : RHP Dave Townend
Batting: RHB Shaun Bowles 0-0: Ball
1-0: Foul Ball, location: 2F
1-1: Ground out 4-3 (Groundball, 4M)
Batting: LHB Bastyão Lizardo 0-0: Ball
1-0: Fly out, F7 (Line Drive, 7M)
Batting: SHB Jim Unknown 0-0: Ball
1-0: Foul Ball, location: 2F
1-1: Ground out U3 (Groundball, 3)
Bottom of the 3rd over - 0 run(s), 0 hit(s), 0 error(s), 0 left on base; Bagley 2 - Bay City 2
TOP OF THE 4TH
Bagley Loons batting - Pitching for Bay City Bombers : LHP Jim Unknown
Batting: RHB Mike Alford 0-0: Called Strike
0-1: SINGLE (Line Drive, 4MD)
Batting: RHB Rick Bell 0-0: Fly out, F8 (Flyball, 8LM)
Batting: LHB Lawrence Washington 0-0: Fielders Choice at 2nd, 4-6 (Groundball, 4)
Now at SS: Brad Shockley
Batting: LHB Kenko Ueda 0-0: Called Strike
0-1: Ground out 1-3 (Groundball, 13)
Top of the 4th over - 0 run(s), 1 hit(s), 0 error(s), 1 left on base; Bagley 2 - Bay City 2
BOTTOM OF THE 4TH
Bay City Bombers batting - Pitching for Bagley Loons : RHP Dave Townend
Batting: RHB Pedro Morales 0-0: Foul Ball, location: 2F
0-1: SINGLE (Flyball, 8RS)
Batting: RHB Luis Díaz 0-0: Ball
1-0: Ball
2-0: Called Strike
2-1: Ball
3-1: Base on Balls
Pedro Morales to second
Batting: SHB Stephen Fraven 0-0: Ball
1-0: Foul Ball, location: 2F
1-1: Called Strike
1-2: Ball
2-2: Foul Ball, location: 2F
2-2: Ball
3-2: Foul Ball, location: 2F
3-2: SINGLE (Line Drive, 78S)
Pedro Morales to third
Luis Díaz to second
Pedro Morales scores
Luis Díaz to third
Batting: LHB Guy Riley 0-0: Called Strike
0-1: Ball
1-1: Called Strike
1-2: Ball
2-2: Ball
3-2: DOUBLE (Line Drive, 78XD)
Luis Díaz scores
Stephen Fraven to third
Batting: RHB Barry Martínez 0-0: Ball
1-0: Called Strike
1-1: Swinging Strike
1-2: SINGLE (Line Drive, 78S)
Stephen Fraven scores
Guy Riley to third
Pitching: RHP Rod Bakewell
Batting: LHB John Doyle 0-0: Foul Ball, location: 2F
0-1: Ball
1-1: Fly out, F6 (Popup, 6MD)
Batting: LHB Brad Shockley 0-0: Ball
1-0: Ball
Wild Pitch!
Guy Riley scores
Barry Martínez to second
2-0: Called Strike
2-1: Fly out, F8 (Flyball, 8RD)
Runner from 2nd tags up, SAFE at 3rd, no throw
Batting: LHB Bastyão Lizardo 0-0: Ball
1-0: Ball
2-0: SINGLE (Line Drive, 89S)
Barry Martínez scores
Batting: SHB Jim Unknown 0-0: Ball
1-0: Ball
2-0: Ball
3-0: Called Strike
3-1: Swinging Strike
3-2: Foul Ball, location: 2F
3-2: SINGLE (Groundball, 4)
Bastyão Lizardo to second
Bastyão Lizardo to third
Batting: RHB Pedro Morales 0-0: Swinging Strike
0-1: Foul Ball, location: 2F
0-2: Strikes out swinging
Bottom of the 4th over - 5 run(s), 6 hit(s), 0 error(s), 2 left on base; Bagley 2 - Bay City 7
TOP OF THE 5TH
Bagley Loons batting - Pitching for Bay City Bombers : LHP Jim Unknown
Batting: RHB Rick Johnson 0-0: Ball
1-0: Called Strike
1-1: Foul Ball, location: 2F
1-2: Foul Ball, location: 2F
1-2: Ground out 5-3 (Groundball, 5)
Batting: RHB Karl Schultz 0-0: Called Strike
0-1: Ball
1-1: Swinging Strike
1-2: Foul Ball, location: 2F
1-2: Foul Ball, location: 2F
1-2: Foul Ball, location: 2F
1-2: Foul Ball, location: 2F
1-2: Foul Ball, location: 2F
1-2: DOUBLE (Flyball, 8LXD)
Pitching: LHP Terry Dwyer
Batting: RHB Edward Baker 0-0: Swinging Strike
0-1: Ball
1-1: Ball
2-1: Foul Ball, location: 2F
2-2: SINGLE (Flyball, 8LS)
Karl Schultz to third
Batting: LHB Ralph Dunford 0-0: Called Strike
0-1: Fly out, F4 (Line Drive, 34)
Batting: RHB Allen Murphy 0-0: Ball
1-0: Ground out 6-3 (Groundball, 6)
Top of the 5th over - 0 run(s), 2 hit(s), 0 error(s), 2 left on base; Bagley 2 - Bay City 7
BOTTOM OF THE 5TH
Bay City Bombers batting - Pitching for Bagley Loons : RHP Rod Bakewell
Batting: RHB Luis Díaz 0-0: Ball
1-0: Ball
2-0: Ball
3-0: Called Strike
3-1: Base on Balls
Batting: SHB Stephen Fraven 0-0: Ball
1-0: Ball
2-0: Ball
3-0: Base on Balls
Luis Díaz to second
Batting: LHB Guy Riley 0-0: SINGLE (Line Drive, 4D)
Luis Díaz to third
Stephen Fraven to second
Batting: RHB Barry Martínez 0-0: Ball
1-0: Ball
2-0: Called Strike
2-1: Foul Ball, location: 2F
2-2: Fly out, F7 (Line Drive, 7M)
Runner from 3rd tags up, SCORES, throw made
Pitching: RHP Jim Unknown
Batting: LHB John Doyle 0-0: Ball
1-0: Ball
2-0: Called Strike
2-1: Ground out 5-3 (Groundball, 15S)
Stephen Fraven to third
Guy Riley to second
Batting: LHB Brad Shockley 0-0: SINGLE (Line Drive, 34)
Stephen Fraven scores
Guy Riley to third
Runner from 3rd tries for Home, SAFE, no throw or cutoff
Batting: LHB Bastyão Lizardo 0-0: Ball
1-0: Ball
2-0: SINGLE (Line Drive, 3D)
Brad Shockley to second
Runner from 2nd tries for 3rd, SAFE, throw made to third
Batting: SHB Jim Unknown 0-0: Swinging Strike
0-1: Ball
1-1: SINGLE (Groundball, 6MD)
Brad Shockley scores
Bastyão Lizardo to second
Batting: RHB Pedro Morales 0-0: Called Strike
0-1: Fielders Choice at 2nd, 6-4 (Groundball, 56)
Bottom of the 5th over - 4 run(s), 4 hit(s), 0 error(s), 1 left on base; Bagley 2 - Bay City 11
TOP OF THE 6TH
Bagley Loons batting - Pitching for Bay City Bombers : LHP Terry Dwyer
Batting: RHB Mike Alford 0-0: Ball
1-0: Ball
2-0: Called Strike
2-1: Swinging Strike
2-2: Ball
3-2: Ground out 4-3 (Groundball, 4)
Batting: RHB Rick Bell 0-0: SINGLE (Line Drive, 7LS)
Batting: LHB Lawrence Washington 0-0: Called Strike
0-1: Swinging Strike
0-2: Strikes out swinging
Batting: LHB Kenko Ueda 0-0: Called Strike
0-1: Fly out, F7 (Flyball, 78M)
Top of the 6th over - 0 run(s), 1 hit(s), 0 error(s), 1 left on base; Bagley 2 - Bay City 11
BOTTOM OF THE 6TH
Bay City Bombers batting - Pitching for Bagley Loons : RHP Jim Unknown
Batting: RHB Luis Díaz 0-0: Called Strike
0-1: SINGLE (Groundball, 34D)
Batting: SHB Stephen Fraven 0-0: Called Strike
0-1: Foul Ball, location: 2F
0-2: Ball
1-2: Strikes out swinging
Batting: LHB Guy Riley 0-0: Called Strike
0-1: Swinging Strike
0-2: Strikes out swinging
Batting: RHB Barry Martínez 0-0: Called Strike
0-1: Ball
1-1: Foul Ball, location: 2F
1-2: Strikes out swinging
Bottom of the 6th over - 0 run(s), 1 hit(s), 0 error(s), 1 left on base; Bagley 2 - Bay City 11
TOP OF THE 7TH
Bagley Loons batting - Pitching for Bay City Bombers : LHP Terry Dwyer
Batting: RHB Rick Johnson 0-0: Ball
1-0: Ball
2-0: Called Strike
2-1: Foul Ball, location: 2F
2-2: Foul Ball, location: 2F
2-2: Ball
3-2: Foul Ball, location: 2F
3-2: Foul Ball, location: 2F
3-2: Foul Ball, location: 2F
3-2: Foul Ball, location: 2F
3-2: Foul Ball, location: 2F
3-2: Strikes out swinging
Pitching: RHP Hollis Young
Batting: RHB Karl Schultz 0-0: Ball
1-0: Foul Ball, location: 2F
1-1: Foul Ball, location: 2F
1-2: Ball
2-2: Ground out 1-3 (Groundball, 15)
Batting: RHB Edward Baker 0-0: Swinging Strike
0-1: Ball
1-1: Foul Ball, location: 2F
1-2: Ball
2-2: Fly out, F8 (Flyball, 8LS)
Top of the 7th over - 0 run(s), 0 hit(s), 0 error(s), 0 left on base; Bagley 2 - Bay City 11
BOTTOM OF THE 7TH
Bay City Bombers batting - Pitching for Bagley Loons : RHP Jim Unknown
Batting: LHB John Doyle 0-0: Foul Ball, location: 2F
0-1: Ball
1-1: SINGLE (Flyball, 8LS)
Batting: LHB Brad Shockley 0-0: Called Strike
0-1: Foul Ball, location: 2F
0-2: Ball
1-2: Foul Ball, location: 2F
Balk!
John Doyle to second
1-2: Fly out, F8 (Flyball, 78M)
Pitching: RHP Artie Beardsall
Batting: LHB Bastyão Lizardo 0-0: Ball
1-0: Called Strike
1-1: Swinging Strike
1-2: Foul Ball, location: 2F
1-2: Ball
2-2: Foul Ball, location: 2F
2-2: Strikes out swinging
Batting: SHB Jim Unknown 0-0: Ball
1-0: Ball
2-0: Ball
3-0: Base on Balls
Batting: RHB Pedro Morales 0-0: Ball
1-0: Called Strike
1-1: Swinging Strike
1-2: Strikes out swinging
Bottom of the 7th over - 0 run(s), 1 hit(s), 0 error(s), 2 left on base; Bagley 2 - Bay City 11
TOP OF THE 8TH
Bagley Loons batting - Pitching for Bay City Bombers : RHP Hollis Young
Batting: LHB Ralph Dunford 0-0: Ball
1-0: Called Strike
1-1: Swinging Strike
1-2: Foul Ball, location: 2F
1-2: Ball
2-2: Ball
3-2: Foul Ball, location: 2F
3-2: Base on Balls
Batting: RHB Allen Murphy 0-0: Foul Ball, location: 2F
0-1: Reached on error, E6 (Groundball, 6M)
Ralph Dunford to second
Batting: RHB Mike Alford 0-0: Called Strike
0-1: Ball
1-1: Fly out, F9 (Flyball, 89M)
Batting: RHB Rick Bell 0-0: Ball
1-0: Ball
2-0: Foul Ball, location: 2F
2-1: Foul Ball, location: 2F
2-2: Ball
3-2: Strikes out looking
Batting: LHB Lawrence Washington 0-0: Ball
1-0: Ball
2-0: Ball
3-0: Called Strike
3-1: Fielders Choice at 2nd, 5-4 (Groundball, 56)
Top of the 8th over - 0 run(s), 0 hit(s), 1 error(s), 1 left on base; Bagley 2 - Bay City 11
BOTTOM OF THE 8TH
Bay City Bombers batting - Pitching for Bagley Loons : RHP Artie Beardsall
Batting: RHB Luis Díaz 0-0: Swinging Strike
0-1: Swinging Strike
0-2: Strikes out swinging
Batting: SHB Stephen Fraven 0-0: DOUBLE (Flyball, 89XD)
Batting: LHB Guy Riley 0-0: Ball
1-0: Called Strike
1-1: Ball
2-1: Called Strike
2-2: Ball
3-2: Base on Balls
Pinch Hitting: RHB Aaron Phillips 0-0: Foul Ball, location: 2F
0-1: Ball
1-1: Called Strike
1-2: Strikes out swinging
Batting: LHB John Doyle 0-0: Ball
1-0: Called Strike
1-1: Ball
2-1: Called Strike
2-2: Ball
3-2: Base on Balls
Stephen Fraven to third
Guy Riley to second
Batting: LHB Brad Shockley 0-0: Ball
1-0: Ball
2-0: Ball
3-0: Base on Balls
Stephen Fraven scores
Guy Riley to third
John Doyle to second
Batting: LHB Bastyão Lizardo 0-0: Ball
1-0: Swinging Strike
1-1: Ball
2-1: Foul Ball, location: 2F
2-2: Foul Ball, location: 2F
2-2: Ball
3-2: Strikes out looking
Bottom of the 8th over - 1 run(s), 1 hit(s), 0 error(s), 3 left on base; Bagley 2 - Bay City 12
TOP OF THE 9TH
Bagley Loons batting - Pitching for Bay City Bombers : RHP Hollis Young
Now in CF: Millard Watson
Batting: LHB Kenko Ueda 0-0: Ball
1-0: Fly out, F7 (Flyball, 78D)
Batting: RHB Rick Johnson 0-0: Ball
1-0: Called Strike
1-1: Swinging Strike
1-2: Ball
2-2: SOLO HOME RUN (Flyball, 7D), Distance : 381 ft
Batting: RHB Karl Schultz 0-0: Ball
1-0: Ball
2-0: Ball
3-0: Called Strike
3-1: DOUBLE (Line Drive, 7LM)
Batting: RHB Edward Baker 0-0: Ball
1-0: Ball
2-0: Ball
3-0: Called Strike
3-1: Base on Balls
Batting: LHB Ralph Dunford 0-0: Swinging Strike
0-1: Ball
1-1: Foul Ball, location: 2F
1-2: DOUBLE (Line Drive, 78M)
Karl Schultz scores
Edward Baker to third
Batting: RHB Allen Murphy 0-0: Fly out, F9 (Flyball, 9D)
Runner from 3rd tags up, SCORES, no throw
Batting: RHB Mike Alford 0-0: Called Strike
0-1: Swinging Strike
0-2: Strikes out looking
Top of the 9th over - 3 run(s), 3 hit(s), 0 error(s), 1 left on base; Bagley 5 - Bay City 12
This league is powered by Out of the Park Baseball, the baseball management simulation game for PC, Mac and Linux
Monday, May 4th, 2015 - OOTP Baseball 15.6 Build 34